 Dungeon Crawl Stone Soup version 0.17-a0-1504-gb7d9117 (webtiles) character file.

26740 nubinia the Covert (level 13, -5/78 HPs)
             Began as an Octopode Venom Mage on July 8, 2015.
             Was a High Priest of Ashenzari.
             Slain by a crocodile (10 damage)
             ... on level 5 of the Lair of Beasts.
             The game lasted 02:05:48 (17429 turns).

nubinia the Covert (Octopode Venom Mage)           Turns: 17429, Time: 02:05:48

Health: -5/78      AC:  3    Str:  7    XL:     13   Next: 27%
Magic:  14/26      EV:  2    Int: 20    God:    Ashenzari [*****.]
Gold:   877        SH:  0    Dex: 15    Spells: 8 memorised, 10 levels left

rFire  + . .     SeeInvis +     a - +6 dagger (curse)
rCold  x . .     Clarity  +     T - +0 buckler (curse)
rNeg   + + +     SustAt   +     c - +2 hat (curse)
rPois  ∞         Gourm    .     F - amulet of regeneration
rElec  .         Spirit   .     q - ring of poison resistance (curse)
rCorr  .         Warding  .     y - ring of sustain attributes (curse)
rMut   .         Stasis   .     D - ring of wizardry (curse)
MR     .....                    A - ring of wizardry (curse)
Stlth  +++++++++.               (no ring)
                                R - ring of fire (curse)
                                d - ring of positive energy
                                (no ring)

@: petrified, repel missiles, not resistant to hostile enchantments, incredibly
stealthy
A: almost no armour, amphibious, 8 rings, constrict 8, camouflage 1, gelatinous
body 1
a: Scrying, Transfer Knowledge, Renounce Religion


You were on level 5 of the Lair of Beasts.
You worshipped Ashenzari.
Ashenzari was extremely pleased with you.
You were not hungry.

You visited 3 branches of the dungeon, and saw 16 of its levels.

You collected 877 gold pieces.

Inventory:

Hand weapons
 a - a cursed +6 dagger (weapon)
Armour
 c - a cursed +2 hat (worn)
 e - the cursed +0 buckler of the Valley of Death {rC+ rN+ Regen+ MP-9}
   (You acquired it on level 2 of the Lair of Beasts)

   It protects you from cold.
   It protects you from negative energy.
   It affects your magic capacity (-9).
   It increases your rate of regeneration.
   It has a curse placed upon it.
 k - the +0 buckler "Ovveyz Qung" {rN+ Str-4 Int+3}
   (You found it on level 2 of the Lair of Beasts)

   It affects your strength (-4).
   It affects your intelligence (+3).
   It protects you from negative energy.
 T - a cursed +0 buckler (worn)
Jewellery
 d - a ring of positive energy (on tentacle)
 q - a cursed ring of poison resistance (left tentacle)
 v - an uncursed ring of ice
 y - a cursed ring of sustain attributes (right tentacle)
 A - a cursed ring of wizardry (on tentacle)
 D - a cursed ring of wizardry (on tentacle)
 F - an amulet of regeneration (around mantle)
 Q - the amulet "Nibbenyhia" {Clar -Tele rF+ MR+ Dex+3}
   (You found it on level 8 of the Dungeon)

   [amulet of clarity]

   It provides mental clarity.
   It affects your dexterity (+3).
   It protects you from fire.
   It affects your resistance to hostile enchantments.
   It prevents most forms of teleportation.
 R - a cursed ring of fire (on tentacle)
Magical devices
 t - a wand of teleportation (2)
 P - a wand of digging (8)
 U - a wand of draining (4)
Scrolls
 f - 5 scrolls of blinking
 n - a scroll of fog
 r - 3 scrolls of immolation
 u - 2 scrolls of enchant armour
 B - 3 scrolls of teleportation
 C - 4 scrolls of fear
 E - 7 scrolls of remove curse
 K - 3 scrolls of magic mapping
 N - a scroll of curse weapon
 Y - 2 scrolls of identify
Potions
 i - a potion of flight
 l - 5 potions of curing
 p - 3 potions of degeneration
 s - a potion of invisibility
 w - 2 potions of berserk rage
 x - a potion of lignification
 z - a potion of mutation
 H - 2 potions of heal wounds
 J - a potion of magic
 M - a potion of brilliance
 V - a potion of cancellation
Books
 h - a Young Poisoner's Handbook

   Spells                             Type                      Level
   a - Sting                          Conjuration/Poison           1
   b - Cure Poison                    Poison                       2
   c - Mephitic Cloud                 Conjuration/Poison/Air       3
   d - Olgreb's Toxic Radiance        Poison                       4
   e - Venom Bolt                     Conjuration/Poison           5
 G - a book of Air

   Spells                             Type                      Level
   a - Shock                          Conjuration/Air              1
   b - Swiftness                      Charms/Air                   2
   c - Repel Missiles                 Charms/Air                   2
   d - Static Discharge               Conjuration/Air              3
   e - Lightning Bolt                 Conjuration/Air              5
 I - a Fen Folio

   Spells                             Type                      Level
   a - Corpse Rot                     Necromancy                   2
   b - Stone Arrow                    Conjuration/Earth            3
   c - Leda's Liquefaction            Hexes/Earth                  4
   d - Summon Forest                  Summoning/Translocation      5
   e - Hydra Form                     Transmutation                6
   f - Summon Hydra                   Summoning                    7
 L - a book of Death

   Spells                             Type                      Level
   a - Corpse Rot                     Necromancy                   2
   b - Sublimation of Blood           Necromancy                   2
   c - Agony                          Necromancy                   5
   d - Dispel Undead                  Necromancy                   5
   e - Excruciating Wounds            Charms/Necromancy            5
   f - Bolt of Draining               Conjuration/Necromancy       5
 S - a Grand Grimoire

   Spells                             Type                      Level
   a - Monstrous Menagerie            Summoning                    6
   b - Summon Greater Demon           Summoning                    7
   c - Malign Gateway                 Summoning/Translocation      7
   d - Summon Horrible Things         Summoning                    8
 W - a book of Debilitation

   Spells                             Type                      Level
   a - Corona                         Hexes                        1
   b - Slow                           Hexes                        2
   c - Gell's Gravitas                Hexes/Translocation          3
   d - Inner Flame                    Hexes/Fire                   3
   e - Cause Fear                     Hexes                        4
   f - Leda's Liquefaction            Hexes/Earth                  4
Miscellaneous
 O - a phantom mirror
Comestibles
 b - 12 bread rations
 g - 3 royal jellies
 m - 7 meat rations
 o - a slice of pizza
 Z - 3 fruits


   Skills:
 + Level 3.6 Fighting
 + Level 3.7(7.4) Short Blades
 + Level 6.2(10.2) Dodging
 + Level 13.5(17.1) Stealth
 + Level 1.2(2.9) Shields
 + Level 9.3 Spellcasting
 * Level 10.0(12.5) Conjurations
 + Level 0.4(1.4) Charms
 + Level 2.6(4.8) Necromancy
 * Level 9.6(12.1) Air Magic
   Level 0.2(0.9) Earth Magic
 - Level 9.0(11.6) Poison Magic


You had 10 spell levels left.
You knew the following spells:

 Your Spells              Type           Power        Failure   Level  Hunger
a - Sting                 Conj/Pois      ####         1%          1    None
b - Shock                 Conj/Air       ####         1%          1    None
c - Mephitic Cloud        Conj/Pois/Air  ######..     1%          3    None
d - Bolt of Draining      Conj/Necr      #####.....   2%          5    #####..
f - Repel Missiles        Chrm/Air       #####.       1%          2    None
g - Swiftness             Chrm/Air       #####...     1%          2    None
o - Olgreb's Toxic Radia  Pois           ######..     1%          4    ###....
p - Cure Poison           Pois           ######....   1%          2    None


Dungeon Overview and Level Annotations

Branches:
Dungeon (10/15)            Temple (1/1) D:7            Lair (5/8) D:10
  Swamp (0/4) Lair:3       Spider (0/4) Lair:3
    Orc: D:9-12

Altars:
Ashenzari
Cheibriados
Dithmenos
Elyvilon
Fedhas
Gozag
Kikubaaqudgha
Makhleb
Nemelex Xobeh
Okawaru
Qazlal
Ru
Sif Muna
Trog
Vehumet
Xom
Yredelemnul
Zin
The Shining One

Shops:
D:5 (

Annotations:
D:3 exclusion: water moccasin
D:7 Alipheese's ghost, experienced NaTm
D:10 4 runed doors, Alipheese's ghost, experienced NaTm; Harold; bart's ghost, powerful CeHu
Lair:3 exclusion: 3 oklob plants
Lair:4 Maud


Innate Abilities, Weirdness & Mutations

You cannot wear most types of armour.
You are amphibious.
You can wear up to eight rings at the same time.
You can use your tentacles to constrict eight enemies at once.
Your skin changes colour to match your surroundings (Stealth).
Your rubbery body absorbs attacks (AC +1).


Message History

The blink frog seems less confused.
The blink frog blinks!
The crocodile bites you!! The basilisk bites you. The crocodile bites you.
The basilisk gazes at you. The crocodile bites you. The crocodile bites you!
* * * LOW HITPOINT WARNING * * *
The blink frog blinks!
The basilisk bites you. The crocodile barely misses you.
The crocodile barely misses you. The basilisk bites you!
* * * LOW HITPOINT WARNING * * *
The crocodile bites you but does no damage.
The blink frog blinks!
The crocodile bites you!
* * * LOW HITPOINT WARNING * * *
The basilisk barely misses you. The crocodile bites you!
* * * LOW HITPOINT WARNING * * *
You kill the blink frog!
The giant frog barely misses the crocodile.
The crocodile bites you!!
You die...

* ,, , , , , , ,
,, *
,,,,.F....,.... ,
,* , , .#.PP..
P.. , * , , ,
#...... ... * * *
, ,, .....P.
..##, * * ,, ,
...§...#.#.# *, ,
,,....P).F..#* *
,* , * ,
......t..###### *
, ,,
,......l@t......*
,, , , *,
......##†.#....,
, ...Y., ..... .,
, ...., , ......#
,, ,, , ...,*,,
..#.### ** *
,,.P**,, ,..###
,* ** ,# * #.# *
*** ,## *


You could see a yak (confused), a basilisk, a blink frog, 2 crocodiles and a
giant frog (confused).

Vanquished Creatures
  Snorg (D:10)
  2 hydras
  Fannar (D:10)
  Erolcha (D:9)
  A griffon (Lair:4)
  6 elephants (Lair:4)
  Joseph (D:9)
  A black mamba (Lair:2)
  6 spiny frogs
  2 komodo dragons
  A fire drake (Lair:3)
  A polar bear (Lair:4)
  A two-headed ogre (D:10)
  Prince Ribbit (D:6)
  16 blink frogs
  Sigmund (D:6)
  37 yaks
  A fire elemental (Lair:2)
  2 wyverns
  A steam dragon (D:8)
  4 basilisks
  A trapdoor spider (Lair:1)
  4 hippogriffs
  A hungry ghost (D:9)
  6 swamp worms (Lair:3)
  5 water moccasins
  6 porcupines
  An orc warrior (D:10)
  4 sky beasts
  An ice beast (D:10)
  5 black bears
  3 ogres
  A wasp (D:8)
  4 centaurs
  12 crocodiles
  2 big kobolds
  12 giant frogs
  A wyvern skeleton (D:9)
  A gnoll sergeant (D:10)
  3 scorpions
  An electric eel (Lair:3)
  9 wights (D:8)
  3 killer bees (D:9)
  3 crimson imps
  3 hounds
  2 jellies
  Crazy Yiuf (D:4)
  A centaur skeleton (D:4)
  6 orc priests
  6 orc wizards
  A giant frog skeleton (D:9)
  11 iguanas
  8 worker ants
  A killer bee zombie (D:6)
  4 sheep (Lair:4)
  A hound zombie (D:10)
  9 gnolls
  10 adders
  38 river rats
  2 shadow imps
  2 oozes
  An adder zombie (D:5)
  4 adder skeletons
  6 worms (D:3)
  4 giant geckos
  26 orcs
  A bat skeleton (D:4)
  14 hobgoblins
  14 jackals
  4 ball pythons
  A ball python skeleton (D:6)
  19 bats
  7 giant cockroaches
  6 giant newts
  12 goblins
  27 kobolds
  A quokka skeleton (D:5)
  15 rats
445 creatures vanquished.

Vanquished Creatures (others)
  8 fungi
  10 plants
18 creatures vanquished.

Grand Total: 463 creatures vanquished

Notes
Turn   | Place    | Note
--------------------------------------------------------------
     0 | D:1      | nubinia the Octopode Venom Mage began the quest for the Orb.
     0 | D:1      | Reached XP level 1. HP: 11/11 MP: 3/3
    23 | D:1      | Reached skill level 5 in Poison Magic
   188 | D:1      | Reached XP level 2. HP: 17/17 MP: 5/5
   618 | D:1      | Reached XP level 3. HP: 17/21 MP: 6/6
   733 | D:1      | Learned a level 2 spell: Cure Poison
   737 | D:1      | Learned a level 3 spell: Mephitic Cloud
  1245 | D:2      | Found a bloodstained altar of Trog.
  1378 | D:2      | Reached XP level 4. HP: 16/27 MP: 2/7
  1782 | D:2      | Found an iron altar of Okawaru.
  1813 | D:3      | Reached skill level 6 in Poison Magic
  1821 | D:3      | Reached skill level 1 in Air Magic
  2068 | D:3      | Reached skill level 1 in Conjurations
  2068 | D:3      | Reached XP level 5. HP: 8/31 MP: 2/8
  2459 | D:3      | Noticed a water moccasin
  2633 | D:3      | Found a glowing silver altar of Zin.
  2946 | D:4      | Noticed Crazy Yiuf
  2959 | D:4      | Killed Crazy Yiuf
  3146 | D:4      | Noticed an ogre
  3865 | D:4      | Reached XP level 6. HP: 27/36 MP: 9/9
  3944 | D:4      | Learned a level 4 spell: Olgreb's Toxic Radiance
  4457 | D:4      | Killed an ogre
  4534 | D:4      | Found a burning altar of Makhleb.
  4535 | D:4      | Found a shattered altar of Ashenzari.
  4586 | D:4      | Reached skill level 1 in Short Blades
  4739 | D:4      | Reached skill level 5 in Stealth
  4863 | D:4      | Found a white marble altar of Elyvilon.
  4942 | D:4      | Reached XP level 7. HP: 40/42 MP: 9/11
  5226 | D:5      | Entered Level 5 of the Dungeon
  5808 | D:5      | Reached skill level 1 in Fighting
  5957 | D:5      | Reached XP level 8. HP: 8/48 MP: 3/13
  6423 | D:4      | Became a worshipper of Ashenzari the Shackled
  6669 | D:5      | Reached skill level 7 in Poison Magic
  6943 | D:5      | Learned a level 1 spell: Shock
  6946 | D:5      | Learned a level 2 spell: Repel Missiles
  7060 | D:5      | Found Dessusm's Antique Weapon Emporium.
  7261 | D:6      | Noticed Sigmund
  7270 | D:6      | Killed Sigmund
  7393 | D:6      | Noticed Prince Ribbit
  7448 | D:6      | Killed Prince Ribbit
  7448 | D:6      | Reached XP level 9. HP: 47/54 MP: 6/15
  7578 | D:6      | Learned a level 2 spell: Swiftness
  7701 | D:6      | Found a sparkling altar of Nemelex Xobeh.
  8205 | D:7      | Noticed Alipheese's ghost (experienced NaTm)
  8442 | D:7      | Found a glowing golden altar of the Shining One.
  8446 | D:7      | Reached skill level 5 in Air Magic
  8530 | D:7      | Found a staircase to the Ecumenical Temple.
  8537 | Temple   | Entered the Ecumenical Temple
  9056 | D:8      | Reached skill level 8 in Stealth
  9122 | D:8      | Reached skill level 5 in Conjurations
  9305 | D:8      | You fall through a shaft for 2 floors!
  9305 | D:10     | Entered Level 10 of the Dungeon
  9315 | D:10     | Acquired Ashenzari's first power
  9414 | D:10     | Reached skill level 9 in Stealth
  9519 | D:10     | Noticed Fannar
  9734 | D:9      | Reached skill level 5 in Spellcasting
  9757 | D:9      | Reached XP level 10. HP: 61/61 MP: 10/17
  9938 | D:8      | Reached skill level 10 in Stealth
 10016 | D:8      | Learned a level 3 spell: Stone Arrow
 10278 | D:8      | Identified the amulet "Nibbenyhia" {Clar -Tele rF+ MR+ Dex+3}
 10281 | D:8      | Found a deep blue altar of Sif Muna.
 10889 | D:9      | Identified the +10 lajatang "Ethiargh" {speed, Int+2}
 11017 | D:9      | Noticed Joseph
 11167 | D:9      | Killed Joseph
 11400 | D:9      | Noticed Erolcha
 11409 | D:9      | Killed Erolcha
 11409 | D:9      | Reached XP level 11. HP: 66/66 MP: 4/20
 11443 | D:9      | Found a glowing golden altar of the Shining One.
 11630 | D:10     | Noticed Harold
 11947 | D:10     | Found a large runed door.
 11947 | D:10     | Found a large runed door.
 11954 | D:10     | Noticed bart's ghost (powerful CeHu)
 11966 | D:10     | Acquired Ashenzari's second power
 11977 | D:10     | Found a staircase to the Lair.
 12035 | D:10     | Noticed Snorg
 12062 | D:10     | Reached skill level 5 in Dodging
 12371 | D:10     | Killed Fannar
 12371 | D:10     | Reached skill level 11 in Stealth
 12388 | D:10     | Found a large runed door.
 12388 | D:10     | Found a large runed door.
 12495 | D:10     | Killed Snorg
 12507 | Lair:1   | Entered Level 1 of the Lair of Beasts
 12514 | Lair:1   | Learned a level 5 spell: Bolt of Draining
 12544 | Lair:1   | Reached skill level 1 in Necromancy
 13363 | Lair:1   | Reached XP level 12. HP: 51/72 MP: 13/23
 13783 | Lair:2   | Noticed a five-headed hydra
 13789 | Lair:2   | Acquired Ashenzari's third power
 13864 | Lair:2   | Identified the +0 buckler "Ovveyz Qung" {rN+ Str-4 Int+3}
 13962 | Lair:2   | Reached skill level 12 in Stealth
 14222 | Lair:2   | Identified a scroll of acquirement
 14222 | Lair:2   | Identified the cursed +0 buckler of the Valley of Death {rC+ rN+ Regen+ MP-9} (You acquired it on level 2 of the Lair of Beasts)
 14375 | Lair:2   | Killed a five-headed hydra
 15176 | Lair:3   | Found a hole to the Spider Nest.
 15186 | Lair:3   | Acquired Ashenzari's fourth power
 15519 | Lair:3   | Identified the ring "Womoguucs" {+Blink rF+++ MP+9 Str+4 Dex-4}
 16111 | Lair:3   | Found a staircase to the Swamp.
 16199 | Lair:3   | good ring!
 16257 | Lair:4   | Noticed a six-headed hydra
 16267 | Lair:4   | Killed a six-headed hydra
 16267 | Lair:4   | Reached skill level 13 in Stealth
 16295 | Lair:4   | Noticed Maud
 16761 | Lair:4   | Reached XP level 13. HP: 58/78 MP: 2/25
 16896 | Lair:4   | Reached skill level 1 in Shields
 17227 | Lair:4   | Reached skill level 10 in Conjurations
 17429 | Lair:5   | Slain by a crocodile

Vault maps used:
D:1:      dpeg_arrival_tiny_i, st_stairs_11
D:2:      lemuel_round_altar, okawaru_altar_gauntlet_db
D:3:      zin_statuary, serial_bayou_lake_a
D:4:      nicolae_overflow_hidden_temple, first_bread, lemuel_statue_altar,
          uniq_crazy_yiuf_cottage
D:5:      serial_shops, shop
D:6:      basic_altar, uniq_sigmund, uniq_prince_ribbit1
D:7:      temple_green, basic_altar
D:8:      nicolae_overflow_crystal_walls
D:9:      tso_oasis_becter, grunt_ministairs_8, minmay_fountain_box,
          uniq_joseph, uniq_erolcha
D:10:     lair_0_dummy, the_bakery, nicolae_sextant,
          minmay_hollow_rounded_squares, uniq_snorg, uniq_fannar, uniq_harold
Temple:   circular_temple_12
Lair:1:   beast_lair_carwin_7
Lair:3:   nicolae_swamp_entry_splash_gauntlet, dummy_spider_entry,
          disabler_island, grunt_megastairs_4
Lair:4:   uniq_maud

Action                   |  1- 3 |  4- 6 |  7- 9 | 10-12 | 13-15 || total
-------------------------+-------+-------+-------+-------+-------++-------
Melee: Dagger            |    46 |   102 |   202 |   358 |    69 ||   777
       Unarmed           |     5 |       |       |       |       ||     5
 Cast: Sting             |    31 |    66 |    83 |   130 |     9 ||   319
       Cure Poison       |       |     1 |     2 |    13 |     3 ||    19
       Mephitic Cloud    |       |     7 |    27 |    85 |    15 ||   134
       Repel Missiles    |       |       |     1 |     1 |       ||     2
       Shock             |       |       |     4 |   154 |       ||   158
       Olgreb's Toxic Ra |       |       |     1 |    20 |     4 ||    25
       Stone Arrow       |       |       |       |     5 |       ||     5
       Bolt of Draining  |       |       |       |    12 |       ||    12
       Swiftness         |       |       |       |     3 |       ||     3
Evoke: Wand              |       |     1 |       |     1 |       ||     2
  Use: Potion            |     1 |     1 |     1 |     1 |       ||     4
       Scroll            |     1 |     3 |    22 |     8 |       ||    34
 Stab: Sleeping          |    10 |    11 |    24 |    48 |     1 ||    94
       Confused          |       |     3 |    11 |    41 |     8 ||    63
       Distracted        |       |     1 |     1 |     1 |       ||     3
       Fleeing           |       |       |       |     1 |       ||     1
  Eat: Chunk             |     1 |    13 |    17 |    27 |     5 ||    63
       Beef jerky        |       |       |     1 |     1 |       ||     2
       Fruit             |       |       |       |     2 |       ||     2
       Pizza             |       |       |       |     1 |       ||     1
